 Dungeon Crawl Stone Soup version 0.32-a0-131-g9dbbe29261 (webtiles) character file.

Game seed: 17194163238671613118

55420 Ceno the Reanimator (level 14, -16/183 (189) HPs)
             Began as a Naga Ice Elementalist on Feb 9, 2024.
             Was the Champion of Cheibriados.
             Killed from afar by a kobold blastminer (23 damage)
             ... with an iron shot
             ... on level 9 of the Dungeon.
             The game lasted 01:09:39 (22749 turns).

Ceno the Reanimator (Naga Ice Elementalist)        Turns: 22749, Time: 01:09:42

HP:   -16/183 (189) AC: 15    Str: 28    XL:     14   Next: 77%
MP:   24/24         EV: 10    Int: 42    God:    Cheibriados [******]
Gold: 2896          SH: 12    Dex: 30    Spells: 2/27 levels left

rFire   . . .        b - +0 trident
rCold   . . .        c - +0 buckler
rNeg    . . .        N - +0 acid dragon scales
rPois   +            M - +0 helmet {Int+3}
rElec   .            o - +1 cloak
rCorr   +            S - +1 pair of gloves {Dex+3}
SInv    +            (no barding)
Will    +....        u - amulet of reflection Stlth
                     f - +6 ring of intelligence
HPRegen 0.50/turn    x - +4 ring of slaying
MPRegen 0.19/turn

%: reflection
@: berserking, studying 2 skills, lightly drained, very slow
A: AC +4, large, see invisible, deformed body, poison resistance, slowness 2,
spit poison 1, naga tail 2
a: Spit Poison, Renounce Religion, Bend Time, Temporal Distortion, Slouch, Step
From Time


You were on level 9 of the Dungeon.
You worshipped Cheibriados.
Cheibriados was exalted by your worship.
You visited 4 branches of the dungeon, and saw 18 of its levels.
You also visited: Bailey.

You collected 2896 gold pieces.

Inventory:

Hand Weapons
 a - a +0 dagger of venom
 b - a +0 trident (weapon)
Missiles
 l - 4 poisoned darts
 m - 58 stones (quivered)
Armour
 c - a +0 buckler (worn)
 o - a +1 cloak (worn)
 M - a +0 helmet of intelligence (worn)
 N - +0 acid dragon scales (worn)
 R - a +4 scale mail of positive energy
 S - a +1 pair of gloves of dexterity (worn)
Jewellery
 f - a +6 ring of intelligence (left hand)
 t - an amulet of magic regeneration
 u - an amulet of reflection (around neck)
 w - an amulet of regeneration
 x - a +4 ring of slaying (right hand)
 z - a +5 ring of evasion
 D - a +5 ring of evasion
 H - a ring of protection from cold
 I - a ring of fire
Wands
 i - a wand of iceblast (5)
 G - a wand of charming (10)
 Q - a wand of flame (10)
 T - a wand of acid (8)
Scrolls
 e - 2 scrolls of amnesia {unknown}
 j - 2 scrolls of revelation
 k - 6 scrolls of teleportation
 n - a scroll of enchant armour {unknown}
 q - a scroll of fog {unknown}
 r - a scroll of poison {unknown}
 s - 4 scrolls of immolation {unknown}
 B - a scroll of acquirement
 C - a scroll of butterflies {unknown}
 E - a scroll of fear
 F - 2 scrolls of noise {unknown}
 O - a scroll of silence {unknown}
 U - 3 scrolls of enchant weapon {unknown}
Potions
 d - 6 potions of lignification
 g - 5 potions of enlightenment
 h - 2 potions of cancellation
 p - 9 potions of curing
 v - 2 potions of brilliance
 y - 4 potions of magic
 A - 2 potions of attraction
 J - 5 potions of might
 L - 2 potions of ambrosia
 V - 2 potions of mutation
 W - a potion of berserk rage
Miscellaneous
 P - a condenser vane


   Skills:
 - Level 8.0 Fighting
 + Level 11.1 Polearms
 + Level 7.1 Armour
 - Level 1.5 Dodging
 - Level 8.0 Stealth
 - Level 5.0 Shields
 + Level 7.2 Spellcasting
 - Level 4.5 Conjurations
 + Level 7.0 Summonings
 + Level 13.1 Necromancy
 - Level 8.0 Ice Magic


You had 2 spell levels left.
You knew the following spells:

 Your Spells              Type           Power      Damage    Failure   Level
a - Borgnjor's Vile Clut  Necr/Erth      31%        N/A       5%          5
b - Frozen Ramparts       Ice            100%       1d16      1%          3
c - Ozocubu's Armour      Ice            70%        N/A       1%          3
d - Summon Ice Beast      Ice/Summ       67%        N/A       1%          3
e - Call Canine Familiar  Summ           65%        N/A       1%          3
f - Freeze                Ice            100%       1d10      1%          1
g - Haunt                 Necr/Summ      39%        N/A       36%         7

Your spell library contained the following spells:

 Spells                   Type           Power      Damage    Failure   Level
 Necrotise                Necr           100%       1d9       0%          1
 Shock                    Conj/Air       100%       1d9       1%          1
 Sting                    Conj/Alch      100%       1d9       1%          1
 Sublimation of Blood     Necr           90%        N/A       1%          2
 Slow                     Hex            60%        N/A       2%          1
 Mercury Vapours          Alch/Air       30%        N/A       4%          2
 Vampiric Draining        Necr           90%        2d12      1%          3
 Martyr's Knell           Necr/Summ      79%        N/A       1%          4
 Curse of Agony           Necr           90%        N/A       1%          5
 Animate Armour           Summ/Erth      88%        N/A       7%          4
 Summon Lightning Spire   Summ/Air       44%        N/A       7%          4
 Confusing Touch          Hex            15%        N/A       9%          3
 Gell's Gravitas          Tloc           15%        N/A       9%          3
 Inner Flame              Hex/Fire       15%        N/A       9%          3
 Sigil of Binding         Hex            15%        N/A       9%          3
 Swiftness                Air            15%        N/A       9%          3
 Teleport Other           Tloc           15%        N/A       9%          3
 Tukima's Dance           Hex            15%        N/A       9%          3
 Iskenderun's Mystic Bla  Conj/Tloc      34%        2d8       11%         4
 Iskenderun's Battlesphe  Conj           52%        2d10      12%         5
 Airstrike                Air            7%         2d(2-18)  28%         4
 Dimensional Bullseye     Hex/Tloc       7%         N/A       28%         4
 Olgreb's Toxic Radiance  Alch           15%        N/A       28%         4
 Petrify                  Alch/Erth      15%        N/A       28%         4
 Irradiate                Conj/Alch      17%        3d17      30%         5
 Alistair's Intoxication  Alch           10%        N/A       61%         5
 Lee's Rapid Deconstruct  Erth           7%         3d7*      61%         5
 Borgnjor's Revivificati  Necr           45%        N/A       63%         8
 Bombard                  Conj/Erth      17%        9d3       86%         6
 Spellforged Servitor     Conj/Summ      29%        N/A       92%         7
 Dispersal                Tloc           7%         N/A       99%         6
 Eringya's Noxious Bog    Alch           7%         4d6       99%         6
 Ignition                 Fire           7%         3d5       100%        8
 Death's Door             Necr           45%        N/A       100%        9


Dungeon Overview and Level Annotations

Branches:
Dungeon (11/15)            Temple (1/1) D:7            Lair (5/5) D:8
 Shoals (0/4) Lair:3        Snake (0/4) Lair:2        Slime (0/5) Lair:5
    Orc (1/2) D:9          Bailey (visited)

Altars:
Ashenzari
Cheibriados
Dithmenos
Elyvilon
Fedhas
Gozag
Hepliaklqana
Kikubaaqudgha
Makhleb
Nemelex Xobeh
Okawaru
Qazlal
Ru
Sif Muna
Trog
Uskayaw
Vehumet
Wu Jian
Xom
Yredelemnul
Zin
The Shining One
Jiyva

Shops:
D:2 [?*?   D:10 =

Annotations:
D:4 Menkaure
D:5 3 runed translucent doors, zeratav's ghost, novice OpSh
D:7 1 runed translucent door, Maggie; zenocrate's ghost, novice DsDe
D:9 exclusion: electric eel
D:10 1 exclusion
Temple 2 transporters


Innate Abilities, Weirdness & Mutations

Your serpentine skin is tough. (AC +4)
You have supernaturally acute eyesight. (SInv)
Armour fits poorly on your strangely shaped body.
Your system is resistant to poisons. (rPois)
You cover ground very slowly.
You can spit poison.
You can use your snake-like lower body to constrict enemies.


Message History

The orc sorcerer is healed somewhat.
You block the orc warrior's attack. x2
The kobold blastminer blasts its cannon at you.
The iron shot hits you!!!
* * * LOW HITPOINT WARNING * * *
The kobold blastminer hits you.
* * * LOW HITPOINT WARNING * * *
You climb upwards.
Welcome back to the Dungeon!
Level annotation: exclusion: electric eel
There is a staircase to the Orcish Mines, spattered with blood here.
A red film seems to cover your vision as you go berserk!
Cheibriados forces you to slow down.
You feel mighty! You block the orc's attack.
The orc priest calls down the wrath of Beogh upon you.
Beogh smites you!
* * * LOW HITPOINT WARNING * * *
You block the orc warrior's attack.
The kobold blastminer hits you but does no damage.
You hit the orc warrior. You grab the orc warrior.
The orc warrior is lightly wounded.
You constrict the orc warrior.
The kobold blastminer unwields a +0 arbalest.
The kobold blastminer hits you.
* * * LOW HITPOINT WARNING * * *
You block the orc priest's attack.
The orc warrior hits you with a +0 halberd.
* * * LOW HITPOINT WARNING * * *
You hit the orc warrior.
The orc warrior is moderately wounded.
You constrict the orc warrior.
You block the kobold blastminer's attack.
The kobold blastminer hits you but does no damage.
You puncture the orc warrior!
The orc warrior is heavily wounded.
You constrict the orc warrior.
The orc priest calls upon Beogh to heal the orc sorcerer.
The orc sorcerer is healed somewhat.
You block the orc warrior's attack.
The kobold blastminer blasts its cannon at you.
The iron shot hits you!!
You die...
Cheibriados appreciates the motionlessness of death.

#...............#...#......
#........##...#.......#....
#........##.#...........#÷.
#.######.##......###......#
#........##########........
#........# #........
#..#####.##### #....###.
#..#####.#oK.######....####
#........#@oo##........)...
#....#####oK.##........)...
#.>#.#.......##............
#..#.#..###'#######'#######
#..#.#..#.................#
#....#..#..............#..#
#....'..#..÷#..........#..#
#.##[#..#...#..####....#..#
#....#..#.>.#..........#.[#


You could see 2 kobold blastminers, an orc sorcerer, an orc warrior, an orc
priest and an orc.

Vanquished Creatures
  A catoblepas (Lair:5)
  6 death yaks
  A skyshark (Lair:3)
  A lindwurm (Lair:3)
  A deep elf zephyrmancer (Bailey)
  3 orc knights
  2 orc sorcerers (D:9)
  6 black mambas
  11 elephants
  A gargoyle (D:11)
  2 torpor snails
  An unseen horror (D:11)
  6 cane toads
  8 komodo dragons
  3 rime drakes (Lair:5)
  6 trolls
  2 polar bears (Lair:5)
  6 hornets (Lair:5)
  4 blink frogs (Lair:1)
  5 dream sheep
  Prince Ribbit (D:5)
  10 spriggans (Lair:5)
  A water elemental (D:11)
  2 shadows (D:11)
  44 yaks
  4 basilisks
  2 vampires
  4 wyverns
  A wraith (D:9)
  3 steam dragons
  5 vampire mosquitoes
  2 acid dragons
  12 water moccasins
  10 orc warriors
  An ice beast (D:7)
  A sky beast (D:6)
  5 black bears
  26 wolves
  4 ogres
  3 boggarts
  A gnoll sergeant (D:6)
  12 bullfrogs
  3 scorpions
  2 jellies
  4 wights (D:9)
  An electric eel (D:11)
  3 howler monkeys
  A gnoll bouda (D:6)
  4 hounds
  3 orc priests
  4 hell rats (Lair:1)
  16 orc wizards
  12 gnolls
  11 adders
  A white imp (D:5)
  A dart slug (D:2)
  41 orcs
  4 bats
  8 endoplasms
  2 giant cockroaches
  9 goblins
  10 hobgoblins
  2 jackals (D:1)
  4 kobolds
  10 quokkas
  6 ball pythons
  2 frilled lizards
  5 rats
399 creatures vanquished.

Vanquished Creatures (collateral kills)
  2 hydras
  A skyshark (Lair:4)
  A manticore (D:11)
  A black mamba (Lair:3)
  A cane toad (Lair:5)
  3 dream sheep (Lair:5)
  A wyvern (Lair:5)
  2 basilisks
  2 yaks (Lair:1)
  A vampire mosquito (D:11)
  3 water moccasins
  A black bear (Lair:5)
  2 orc warriors
  A boggart (Lair:5)
  A wolf (Lair:5)
  A wight (D:9)
  2 electric eels (D:11)
  A jelly (Lair:5)
  An orc wizard (D:6)
  A gnoll (D:6)
  9 orcs
38 creatures vanquished.

Vanquished Creatures (others)
  An orc priest (D:9)
  An orc wizard (D:8)
  2 orcs
4 creatures vanquished.

Grand Total: 441 creatures vanquished

Notes
Turn   | Place    | Note
-------+----------+-------------------------------------------
     0 | D:1      | Ceno the Naga Ice Elementalist began the quest for the Orb.
     0 | D:1      | Reached XP level 1. HP: 15/15 MP: 3/3
   167 | D:1      | Found a faded altar of an unknown god.
   235 | D:1      | Reached XP level 2. HP: 20/22 MP: 5/5
   907 | D:2      | Found Ytafrer's Assorted Antiques.
   916 | D:2      | Reached XP level 3. HP: 19/28 MP: 2/7
  1037 | D:2      | Found Jeewkej's Magic Scroll Shop.
  1083 | D:2      | Learned a level 3 spell: Frozen Ramparts
  1168 | D:2      | Reached XP level 4. HP: 23/36 MP: 1/8
  1267 | D:2      | Found Jaast's Magic Scroll Emporium.
  1550 | D:2      | Found Ejeg Porhoe's Armour Shop.
  1681 | D:3      | Found a burning altar of Makhleb.
  1681 | D:3      | Noticed an Executioner
  1734 | D:3      | Noticed a scorpion
  1740 | D:3      | Killed a scorpion
  1741 | D:3      | Reached XP level 5. HP: 42/42 MP: 7/10
  1871 | D:3      | Found a sparkling altar of Nemelex Xobeh.
  2152 | D:3      | Learned a level 3 spell: Ozocubu's Armour
  2156 | D:3      | Learned a level 3 spell: Summon Ice Beast
  2272 | D:3      | Found a sacrificial altar of Ru.
  2338 | D:3      | Found a stormy altar of Qazlal.
  2446 | D:4      | Reached skill level 5 in Stealth
  2546 | D:4      | Reached skill level 5 in Ice Magic
  2546 | D:4      | Reached XP level 6. HP: 43/50 MP: 7/12
  3023 | D:4      | Noticed Menkaure
  3187 | D:4      | Reached skill level 1 in Fighting
  3439 | D:5      | Entered Level 5 of the Dungeon
  3929 | D:5      | Reached XP level 7. HP: 58/58 MP: 13/13
  3960 | D:5      | Found a runed translucent gate.
  3961 | D:5      | Found a runed translucent gate.
  3964 | D:5      | Found a runed translucent gate.
  3966 | D:5      | Noticed zeratav's ghost (novice OpSh)
  4138 | D:5      | Found the +1 Delatra's gloves {ID++}
  4193 | D:5      | Noticed Prince Ribbit
  4210 | D:5      | Killed Prince Ribbit
  4993 | D:6      | Reached XP level 8. HP: 66/69 MP: 11/14
  5260 | D:6      | Reached skill level 1 in Polearms
  5260 | D:6      | Reached skill level 1 in Summonings
  5988 | D:7      | Identified 3 scrolls of acquirement
  5988 | D:7      | Acquired 1045 gold pieces
  6045 | D:7      | Noticed Maggie
  6077 | D:7      | Reached XP level 9. HP: 79/79 MP: 11/15
  6247 | D:7      | Found a staircase to the Ecumenical Temple.
  6253 | Temple   | Found a transporter.
  6253 | Temple   | Found a transporter.
  6253 | Temple   | Found a transporter.
  6253 | Temple   | Found a transporter.
  6253 | Temple   | Entered the Ecumenical Temple
  6268 | Temple   | Became a worshipper of Cheibriados the Contemplative
  6325 | D:7      | Reached skill level 5 in Fighting
  6325 | D:7      | Reached skill level 1 in Shields
  6449 | D:7      | Found a runed translucent door.
  6539 | D:7      | Noticed zenocrate's ghost (novice DsDe)
  6847 | D:8      | Noticed a deep elf pyromancer
  7040 | D:9      | Learned a level 3 spell: Call Canine Familiar
  7048 | D:9      | Reached * piety under Cheibriados
  7074 | D:9      | Reached XP level 10. HP: 91/91 MP: 6/16
  7425 | D:9      | Reached skill level 5 in Summonings
  7635 | D:9      | Reached skill level 5 in Polearms
  7923 | D:9      | Acquired 781 gold pieces
  8146 | D:9      | Found a staircase to the Orcish Mines.
  8521 | D:10     | Entered Level 10 of the Dungeon
  8531 | D:10     | Found a flagged portal.
  8540 | Bailey   | Entered a bailey
  8562 | Bailey   | Reached ** piety under Cheibriados
  8629 | Bailey   | Noticed an orc knight
  8646 | Bailey   | Killed an orc knight
  8743 | Bailey   | Found a large runed translucent door.
  8743 | Bailey   | Found a large runed translucent door.
  8744 | Bailey   | Noticed a deep elf zephyrmancer
  8754 | Bailey   | Reached skill level 5 in Shields
  8894 | Bailey   | Killed a deep elf zephyrmancer
  8895 | Bailey   | Reached XP level 11. HP: 102/102 MP: 8/17
  9680 | D:10     | Found Wouluute's Jewellery Boutique.
 10061 | D:11     | Noticed a manticore
 10064 | D:11     | Reached *** piety under Cheibriados
 10071 | D:11     | Killed a manticore
 10072 | D:11     | Reached skill level 1 in Armour
 10439 | D:11     | Reached skill level 1 in Necromancy
 10664 | D:11     | Reached skill level 2 in Necromancy
 10826 | D:11     | Reached skill level 9 in Necromancy
 10826 | D:11     | Reached XP level 12. HP: 110/110 MP: 18/18
 10833 | D:11     | Learned a level 5 spell: Borgnjor's Vile Clutch
 11953 | D:8      | Found an iron altar of Okawaru.
 12095 | D:8      | Found a staircase to the Lair.
 12141 | Lair:1   | Entered Level 1 of the Lair of Beasts
 12452 | Lair:1   | Found a hazy altar of Hepliaklqana.
 12563 | Lair:1   | Reached **** piety under Cheibriados
 12785 | Lair:1   | Reached skill level 10 in Necromancy
 13286 | Lair:1   | Gained mutation: You can use your snake-like lower body to
                  | constrict enemies. [Naga growth]
 13286 | Lair:1   | Reached XP level 13. HP: 113/117 MP: 9/19
 14168 | Lair:2   | Found a staircase to the Snake Pit.
 14179 | Lair:2   | Reached skill level 11 in Necromancy
 14419 | Lair:2   | Reached ***** piety under Cheibriados
 15160 | Lair:3   | Found a glowing silver altar of Zin.
 16804 | Lair:3   | Found a staircase to the Shoals.
 17339 | Lair:4   | Reached skill level 5 in Armour
 17974 | Lair:4   | Reached skill level 5 in Spellcasting
 18070 | Lair:4   | Reached skill level 12 in Necromancy
 18304 | Lair:5   | Entered Level 5 of the Lair of Beasts
 19453 | Lair:4   | Reached skill level 10 in Polearms
 19453 | Lair:4   | Reached XP level 14. HP: 48/126 MP: 16/22
 19646 | Lair:5   | Reached ****** piety under Cheibriados
 20467 | Lair:5   | Identified the +1 plate armour "Gaclun" {Str+6}
 21017 | Lair:5   | Identified the +1 leather armour of Hopscotch {Harm rPois
                  | Will+++ Int-5}
 21021 | Lair:5   | Identified the +5 quarterstaff of Rezi {flame, rF+ rCorr
                  | Dex-3}
 21269 | Lair:5   | Found a viscous altar of Jiyva.
 21441 | Lair:5   | Found a staircase to the Slime Pits.
 21498 | Lair:5   | Reached skill level 13 in Necromancy
 21706 | Lair:5   | Learned a level 7 spell: Haunt
 22011 | Orc:1    | Entered Level 1 of the Orcish Mines
 22426 | Orc:1    | Paralysed by an orc sorcerer for 3 turns
 22740 | Orc:1    | Paralysed by an orc sorcerer for 3 turns
 22747 | D:9      | HP: 9/183 [kobold blastminer (6)]
 22749 | D:9      | Killed from afar by a kobold blastminer

Illustrated notes

Levels and vault maps discovered:
D:1:      eino_arrival_tree_alley, layout_basic, ebering_ecumenical_altar_webs
D:2:      layout_rooms, serial_shops, shop, shop, shop,
          nicolae_shop_window_shopping
D:3:      layout_basic, nemelex_xobeh_ov_fountains_minmay,
          makhleb_altar_promises_db, mainiacjoe_overflow_swirl
D:4:      layout_basic, uniq_menkaure
D:5:      layout_basic, portal_sewer_entry_f, gammafunk_ghost_split,
          pf_guarded_unrand_delatra, uniq_prince_ribbit1
D:6:      nicolae_cairo_tiling_very_big, layout_loops_cross
D:7:      layout_rooms, minmay_temple_entry_fiery,
          ebering_ghost_reflecting_pool, uniq_maggie
D:8:      layout_cave_pools, mainiacjoe_overflow_brackets, lair_entry_dummy,
          serial_rivers, chequers_serial_rivers_small_3,
          chequers_serial_rivers_room_a, chequers_serial_rivers_marsh,
          chequers_serial_rivers_small_a, chequers_serial_rivers_micro_b
D:9:      layout_stronghold, orc_0_dummy, fungi_pond_lemuel,
          minmay_misc_feat_more_columns
D:10:     layout_gridville, serial_shops, nicolae_diamond_shop, enter_bailey_8,
          minmay_rotating_lava
D:11:     layout_layer_cave, columned_hall_lemuel, chequers_big_river,
          chequers_serial_rivers_room_a
Temple:   hellmonk_temple_divided_pantheon
Lair:1:   layout_roguey, basic_altar, grunt_megastairs_3
Lair:2:   layout_loops_ring, minmay_snake_entry_six_corridors
Lair:3:   layout_concentric_octagons, elwin_shoals_entry_rocks, basic_altar
Lair:4:   layout_roguey, infiniplex_staircase_pool_2
Lair:5:   minmay_lair_end_enchanted_forest, layout_hall_layers,
          nicolae_slime_entry_field_trip
Orc:1:    layout_caves

Skill      XL: |  1  2  3  4  5  6  7  8  9 10 11 12 13 14 |
---------------+-------------------------------------------+-----
Stealth        | 4 5 6 7 8 |  8.0
Spellcasting   | 3 4 5 7 |  7.2
Ice Magic      | 5 6 7 8 |  8.0
Fighting       | 1 3 4 6 7 8 |  8.0
Polearms       | 2 4 6 7 8 10 11 | 11.1
Summonings     | 2 4 6 7 |  7.0
Shields        | 3 5 |  5.0
Conjurations   | 2 4 |  4.5
Armour         | 1 3 5 7 |  7.1
Necromancy     | 9 10 12 13 | 13.1
Dodging        | |  1.5

Action                     |  1- 3 |  4- 6 |  7- 9 | 10-12 | 13-15 || total
---------------------------+-------+-------+-------+-------+-------++-------
  Melee: Unarmed           |     7 |    13 |       |       |       ||    20
         Punch             |       |     3 |     3 |       |       ||     6
         Dagger            |       |    40 |    56 |       |       ||    96
         Trident           |       |       |    54 |   264 |   547 ||   865
         Constrict         |       |       |       |       |    98 ||    98
  Throw: Stone             |       |     2 |     2 |    14 |    13 ||    31
   Cast: Freeze            |    21 |    24 |    12 |     7 |       ||    64
         Frozen Ramparts   |     1 |     7 |    18 |    39 |    29 ||    94
         Ozocubu's Armour  |       |     2 |     8 |    29 |    44 ||    83
         Summon Ice Beast  |       |       |    10 |    28 |    35 ||    73
         Call Canine Famil |       |       |       |     4 |       ||     4
         Borgnjor's Vile C |       |       |       |       |    58 ||    58
 Invoke: Bend Time         |       |       |       |     1 |     1 ||     2
Ability: Spit Poison       |    18 |    36 |    29 |    15 |    31 ||   129
    Use: Scroll            |       |     1 |     6 |    11 |     4 ||    22
         Potion            |       |       |       |     1 |     4 ||     5
   Stab: Sleeping          |       |     2 |     1 |     1 |     1 ||     5
         Distracted        |       |       |       |     1 |     5 ||     6
         Invisible         |       |       |       |       |     4 ||     4
         Petrified         |       |       |       |       |     3 ||     3
 Armour: Ring mail         |    28 |    46 |    60 |       |       ||   134
         Steam dragon scal |       |       |    28 |     4 |       ||    32
         Acid dragon scale |       |       |       |   179 |   483 ||   662
  Dodge: Dodged            |    18 |    21 |    37 |    80 |   199 ||   355
  Block: Buckler           |       |       |     9 |    60 |   345 ||   414
         Reflection        |       |       |       |       |    12 ||    12

Table legend: (Time is in decaauts)
 A = Elapsed time spent in this place.
 B = Non-inter-level travel time spent in this place.
 C = Inter-level travel time spent in this place.
 D = Time resting spent in this place.
 E = Time spent auto-exploring this place.
 F = Levels seen in this place.
 G = Mean time per level.
                   A        B        C        D        E       F      G
               +--------+--------+--------+--------+--------+-----+--------+
         Total |  35188 |  33392 |   1796 |   5069 |  21854 |  19 | 1852.0 |
       Dungeon |  18438 |  17664 |    774 |   1638 |  12962 |  11 | 1676.2 |
        Temple |     47 |     23 |     24 |      0 |      0 |   1 |   47.0 |
          Lair |  16008 |  15010 |    998 |   3253 |   8760 |   5 | 3201.6 |
  Orcish Mines |     36 |     36 |      0 |      0 |      0 |   1 |   36.0 |
        Bailey |    657 |    657 |      0 |    178 |    131 |   1 |  657.0 |
               +--------+--------+--------+--------+--------+-----+--------+

Top non-repeatable levels by time:
  Lair:5: 3766 daAuts
  Lair:4: 3671 daAuts
    D:11: 3545 daAuts
  Lair:3: 3433 daAuts
     D:9: 3066 daAuts
  Lair:2: 2613 daAuts
  Lair:1: 2524 daAuts
    D:10: 2018 daAuts
     D:5: 1878 daAuts
     D:4: 1461 daAuts
     D:6: 1322 daAuts
     D:1: 1218 daAuts
     D:7: 1046 daAuts
     D:3: 1012 daAuts
     D:8: 984 daAuts
